Map: 乌雷纳

Players

shengy - Winner!

  • Race: Zerg Zerg
  • League: Platinum

biLL

  • Race: Protoss Protoss
  • League: Platinum

VOD

Have the link to the VOD?

Description

Time

  • Played on: Dec. 31, 2015, 9:47 p.m.
  • Length: 4:34
Show
View Real Time Build Order
Export as new Build Order

shengy Zerg - Winner!

Build Orders: Pool Only 

Get SALT Encoding   

  12  0:02  Drone  
  13  0:15  Extractor  
  13  0:16  Drone  
  13  0:30  Spawning Pool  
  13  0:34  Drone  
  13  0:38  Drone  
  14  0:49  Overlord  
  14  1:18  Zergling x6  
  16  1:22  Metabolic Boost  
  18  1:32  Zergling x2  
  18  1:41  Queen  
  18  1:45  Zergling x2  
  21  1:54  Overlord  
  21  2:06  Zergling x2  
  21  2:20  Zergling x2  
  21  2:31  Zergling x2  
  21  2:44  Zergling x2  
  21  2:45  Zergling x2  
  20  2:59  Zergling x6  
  23  3:11  Zergling x2  
  24  3:20  Zergling x2  
  25  3:38  Zergling x4  
  26  3:51  Overlord  
  26  4:16  Zergling x6  
Show
View Real Time Build Order
Export as new Build Order

biLL Protoss 

Build Orders:  

Get SALT Encoding   

  12  0:01  Probe (Chrono Boost)  
  13  0:11  Probe (Chrono Boost)  
  14  0:25  Pylon  
  14  0:30  Probe (Chrono Boost)  
  15  0:44  Probe (Chrono Boost)  
  15  0:46  Gateway  
  16  0:54  Probe (Chrono Boost)  
  16  1:05  Probe (Chrono Boost)  
  16  1:09  Assimilator  
  17  1:15  Probe (Chrono Boost)  
  18  1:23  Gateway  
  18  1:26  Probe (Chrono Boost)  
  19  1:36  Probe (Chrono Boost)  
  20  1:42  Zealot (Chrono Boost)  
  22  1:55  Nexus  
  22  1:58  Pylon  
  22  2:25  Pylon  
  21  2:35  Pylon  
  19  2:38  Probe  
  20  2:50  Probe  
  21  2:55  Cybernetics Core  
  21  3:02  Probe  
  21  3:05  Assimilator  
  22  3:12  Zealot (Chrono Boost)  
  22  3:14  Probe, Zealot (Chrono Boost)  
  22  3:24  Probe  
  23  3:34  Pylon  
  23  3:41  Mothership Core (Chrono Boost)  
  20  3:59  Probe (Chrono Boost)  
  18  4:06  Probe (Chrono Boost)  
  18  4:08  Pylon  
  9  4:16  Probe (Chrono Boost)  
Tags
 
Add a new tag
Caveats
  • Supply blocks, unpowered buildings, or Contaminate may cause inaccurate times.
  • Supply counts are checked every 10 seconds.